 Dungeon Crawl Stone Soup version 0.19-a0-1260-gc94d3f7 (webtiles) character file.

179 epen the Poker (level 5, 0/42 HPs)
             Began as a Merfolk Monk on Aug 28, 2016.
             Was a Believer of Okawaru.
             Slain by an orc wizard
             ... wielding a +0 dagger
              (3 damage)
             ... on level 3 of the Dungeon.
             The game lasted 00:03:22 (2530 turns).

epen the Poker (Merfolk Monk)                       Turns: 2530, Time: 00:03:23

Health: 0/42       AC:  3    Str: 10 (13) XL:     5   Next: 59%
Magic:  4/6        EV: 15    Int:  6 (9)  God:    Okawaru [**....]
Gold:   89         SH:  0    Dex: 15 (16) Spells: 0 memorised, 4 levels left

rFire  . . .     SeeInvis .     q - +0 trident
rCold  . . .     Gourm    .     b - +0 robe
rNeg   . . .     Faith    .     (no shield)
rPois  .         Spirit   .     (no helmet)
rElec  .         Dismiss  .     (no cloak)
rCorr  .         Reflect  .     p - +0 pair of gloves
MR     .....     Harm     .     (no boots)
Stlth  ++........               (no amulet)
                                (no ring)
                                (no ring)

@: slowed, very slow
A: change form in water, swift swim, stealthy swim
a: Heroism, Renounce Religion


You were on level 3 of the Dungeon.
You worshipped Okawaru.
Okawaru was pleased with you.
You were not hungry.

You visited 1 branch of the dungeon, and saw 3 of its levels.

You collected 89 gold pieces.

Inventory:

Hand Weapons
 a - a +0 spear
 q - a +0 trident (weapon)
Armour
 b - a +0 robe (worn)
 p - a +0 pair of gloves (worn)
 r - a +0 scale mail
Jewellery
 j - an uncursed ring of poison resistance {unknown}
Scrolls
 d - 2 scrolls of identify {unknown}
 e - a scroll of fear {unknown}
 h - 3 scrolls of amnesia {unknown}
 l - a scroll of teleportation {unknown}
 m - a scroll of magic mapping {unknown}
 n - 2 scrolls of fog {unknown}
 o - a scroll of enchant armour {unknown}
Potions
 g - a potion of degeneration
 i - a potion of mutation {unknown}
 k - 2 potions of might {unknown}
 s - a potion of lignification {unknown}
Comestibles
 c - a bread ration
 f - 3 meat rations


   Skills:
 + Level 4.1 Fighting
 + Level 5.2 Polearms
 * Level 2.1 Armour
 + Level 5.1 Dodging
 - Level 2.1 Stealth
 * Level 1.4 Invocations


You had 4 spell levels left.
You didn't know any spells.

Dungeon Overview and Level Annotations

Branches:
Dungeon (3/15)

Altars:
Okawaru
Ru
Trog


Message History

You are too injured to fight recklessly!
You are too injured to fight recklessly!
You barely miss the orc. The orc hits you but does no damage.
Something barely misses you. The orc hits you.
* * * LOW HITPOINT WARNING * * *
Something hits you but does no damage.
You closely miss the orc. The orc misses you.
Something hits you but does no damage.
You closely miss the orc. The orc misses you. Something hits you.
* * * LOW HITPOINT WARNING * * *
The orc closely misses you. Something hits you but does no damage.
You hit the orc.
The orc is moderately wounded.
The orc barely misses you. Something hits you.
* * * LOW HITPOINT WARNING * * *
It was a potion of degeneration.
There was something very wrong with that liquid.
You feel weakened.
You feel dopey.
You feel clumsy. The orc closely misses you. Something hits you.
You die...

....? ....#
#.# #.... #.#
#.... #.# ..?(
#.# #.. #.#
#.)## #.# ###
#))@####.#...#
#.)o.#..<....#
#..#.........#
#...†........#
#............#
##........####
#####....#
######


You could see an orc.

Vanquished Creatures
  An orc priest (D:3)
  An orc wizard (D:3)
  Terence (D:2)
  3 adders (D:2)
  A worm (D:2)
  A dart slug (D:2)
  3 giant geckos
  An orc (D:3)
  3 giant cockroaches (D:1)
  10 goblins
  5 hobgoblins
  5 jackals (D:1)
  13 bats
  4 giant newts
  7 kobolds
  3 rats
62 creatures vanquished.

Notes
Turn   | Place    | Note
-------+----------+-------------------------------------------
     0 | D:1      | epen the Merfolk Monk began the quest for the Orb.
     0 | D:1      | Reached XP level 1. HP: 18/18 MP: 1/1
   210 | D:1      | Reached XP level 2. HP: 24/24 MP: 2/2
   335 | D:1      | Reached skill level 1 in Armour
   516 | D:1      | Reached XP level 3. HP: 29/29 MP: 3/3
  1489 | D:2      | Found an iron altar of Okawaru.
  1490 | D:2      | Found a bloodstained altar of Trog.
  1512 | D:2      | Reached XP level 4. HP: 18/37 MP: 4/4
  1700 | D:2      | Became a worshipper of Warmaster Okawaru
  1700 | D:2      | Reached * piety under Okawaru
  1700 | D:2      | Reached ** piety under Okawaru
  1714 | D:2      | Found a sacrificial altar of Ru.
  1878 | D:2      | Noticed Terence
  1915 | D:2      | Killed Terence
  1915 | D:2      | Reached skill level 5 in Polearms
  2387 | D:2      | Reached skill level 5 in Dodging
  2400 | D:2      | Reached XP level 5. HP: 42/42 MP: 5/5
  2521 | D:3      | Reached skill level 1 in Invocations
  2529 | D:3      | HP: 2/42 [something (3)]
  2530 | D:3      | Slain by an orc wizard

Vault maps used:
D:1:      dpeg_arrival_round_c
D:2:      grunt_temple_overflow_open, hangedman_ru_absence, uniq_terence

Skill      XL: |  1  2  3  4  5 |
---------------+----------------+-----
Armour         | 1 2 |  2.1
Fighting       | 4 |  4.1
Polearms       | 5 |  5.2
Dodging        | 5 |  5.1
Invocations    | 1 |  1.4
Stealth        | |  2.1

Action                   |  1- 3 |  4- 6 || total
-------------------------+-------+-------++-------
Melee: Spear             |   165 |    41 ||   206
       Trident           |       |    38 ||    38
Invok: Heroism           |       |     2 ||     2
  Use: Potion            |       |     1 ||     1
 Stab: Sleeping          |     9 |     6 ||    15
  Eat: Chunk             |     2 |     3 ||     5
Armor: Robe              |    17 |    16 ||    33
Dodge: Dodged            |    95 |    60 ||   155
